 Dungeon Crawl Stone Soup version 0.17-a0-1647-gb11a595 (webtiles) character file.

105 Svalin the Skirmisher (level 4, -10/45 HPs)
             Began as a Hill Orc Fighter on Aug 13, 2015.
             Killed by divine providence
             ... invoked by an orc priest
              (12 damage)
             ... on level 3 of the Dungeon.
             The game lasted 00:11:42 (2419 turns).

Svalin the Skirmisher (Hill Orc Fighter)            Turns: 2419, Time: 00:11:43

Health: -10/45     AC:  9    Str: 19    XL:     4   Next: 83%
Magic:  4/4        EV:  7    Int:  6    God:
Gold:   17         SH:  9    Dex: 10    Spells: 0 memorised, 3 levels left

rFire  . . .     SeeInvis .     a - +0 war axe
rCold  . . .     Clarity  .     b - +1 scale mail
rNeg   . . .     SustAt   .     c - +0 shield
rPois  +         Gourm    .     (helmet restricted)
rElec  .         Spirit   .     d - +0 cloak {rPois}
rCorr  .         Warding  .     (no gloves)
rMut   .         Stasis   .     (no boots)
MR     .....                    (no amulet)
Stlth  ..........               (no ring)
                                r - -2 ring of intelligence (curse)

@: not resistant to hostile enchantments, extremely unstealthy
A: antennae 1, MP-powered wands
a: Convert to Beogh


You were on level 3 of the Dungeon.
You were not hungry.

You visited 1 branch of the dungeon, and saw 3 of its levels.

You collected 17 gold pieces.

Inventory:

Hand weapons
 a - a +0 war axe (weapon)
 h - a +0 hammer
Missiles
 j - 33 stones
 s - a throwing net (quivered)
Armour
 b - a +1 scale mail (worn)
 c - a +0 shield (worn)
 d - a +0 cloak of poison resistance (worn)
Jewellery
 r - a cursed -2 ring of intelligence (left hand)
Scrolls
 m - 2 scrolls of recharging
Potions
 f - 3 potions of curing {unknown}
 i - a potion of magic {unknown}
 n - 2 potions of brilliance {unknown}
 o - a potion of invisibility {unknown}
 p - a potion of experience {unknown}
Comestibles
 e - 2 bread rations
 g - a meat ration
 k - a chunk of flesh
 q - 5 fruits


   Skills:
 + Level 6.3 Fighting
 + Level 2.9 Axes
 - Level 3.3 Armour
 - Level 3.3 Shields


You had 3 spell levels left.
You didn't know any spells.

Dungeon Overview and Level Annotations

Branches:
Dungeon (3/15)

Altars:


Innate Abilities, Weirdness & Mutations

You have a pair of small antennae on your head.
You expend magic power (3 MP) to strengthen your wands.


Message History

You hit the orc.
The orc is almost dead.
The orc hits you with a flail.
* * * LOW HITPOINT WARNING * * *
The orc priest shouts, "Join the one true god or die!"
You hit the orc.
You kill the orc!
You slash the orc!
You kill the orc!
A giant gecko comes into view.
You hit the orc.
The orc is lightly wounded.
The orc hits you but does no damage. You block the orc's attack.
You closely miss the orc.
The orc is lightly wounded.
The orc priest casts a cantrip, but nothing happens.
The orc barely misses you.
The orc priest calls down the wrath of Beogh upon you.
Something smites you!
You die...

.###+##............#
####.###..##.#
#.###.....##
#..........#
#.###..###.#
..###.## #.# #. ...#
#.# ###.####.#
#oo@...#
...lgg####.# .....{
#.# .... ..# ### #.#
..# #.# .#


You could see an orc priest, an orc, a giant gecko and 2 hobgoblins.

Vanquished Creatures
  Crazy Yiuf (D:2)
  3 adders
  2 worms
  A giant gecko (D:1)
  3 orcs (D:3)
  4 giant cockroaches
  4 goblins
  6 hobgoblins
  4 jackals (D:3)
  4 kobolds
  A quokka (D:2)
  3 bats (D:1)
  2 rats (D:1)
38 creatures vanquished.

Notes
Turn   | Place    | Note
--------------------------------------------------------------
     0 | D:1      | Svalin the Hill Orc Fighter began the quest for the Orb.
     0 | D:1      | Reached XP level 1. HP: 19/19 MP: 1/1
   329 | D:1      | Reached skill level 4 in Fighting
   338 | D:1      | Reached XP level 2. HP: 17/27 MP: 2/2
  1314 | D:2      | Reached XP level 3. HP: 35/35 MP: 3/3
  1356 | D:1      | Reached skill level 5 in Fighting
  1639 | D:2      | Gained mutation: Your spells are a little harder to cast, but a little more powerful. [potion of mutation]
  1639 | D:2      | Lost mutation: Your spells are a little harder to cast, but a little more powerful. [potion of mutation]
  1639 | D:2      | Gained mutation: You are clumsy. (Dex -2) [potion of mutation]
  1640 | D:2      | Lost mutation: You are clumsy. (Dex -2) [potion of mutation]
  1640 | D:2      | Gained mutation: You have a pair of small antennae on your head. [potion of mutation]
  1640 | D:2      | Gained mutation: You expend magic power (3 MP) to strengthen your wands. [potion of mutation]
  2095 | D:2      | Reached XP level 4. HP: 40/42 MP: 4/4
  2215 | D:2      | Noticed Crazy Yiuf
  2221 | D:2      | Killed Crazy Yiuf
  2221 | D:2      | Reached skill level 6 in Fighting
  2415 | D:3      | HP: 1/44 [orc/flail (4)]
  2419 | D:3      | Killed from afar by an orc priest

Vault maps used:
D:1:      ncdulo_wetmaze, nrook_mini_vaults
D:2:      kennysheep_small_spiral, uniq_crazy_yiuf_cottage
D:3:      nicolae_qazlal_general_emergency, okawaru_trees_2

Action                   |  1- 3 |  4- 6 || total
-------------------------+-------+-------++-------
Melee: War axe           |    78 |    42 ||   120
  Use: Scroll            |     7 |       ||     7
       Potion            |     3 |       ||     3
  Eat: Chunk             |     4 |     1 ||     5
